 Dungeon Crawl Stone Soup version 0.27.0-1-g7a089689b8 (webtiles) character file.

Game seed: 9085715062330102486

4648 SunEater the Cleaver (level 10, -2/90 HPs)
             Began as a Minotaur Fighter on Aug 5, 2021.
             Was a Believer of Okawaru.
             Succumbed to a hornet's poison
             ... on level 8 of the Dungeon.
             The game lasted 00:23:51 (7928 turns).

SunEater the Cleaver (Minotaur Fighter)             Turns: 7928, Time: 00:23:52

Health: -2/90      AC: 17    Str: 23    XL:     10   Next: 20%
Magic:  9/9        EV:  6    Int:  5    God:    Okawaru [**....]
Gold:   401        SH: 11    Dex: 11    Spells: 9/9 levels left

rFire    . . .     SeeInvis .   o - +3 war axe (flame)
rCold    . . .     Faith    .   c - +0 kite shield
rNeg     . . .     Spirit   .   m - +0 plate armour
rPois    .         Reflect  .   (helmet restricted)
rElec    .         Harm     .   e - +0 cloak
rCorr    +         Rampage  .   (no gloves)
Will     .....                  k - +0 pair of boots
Stlth    ..........             (no amulet)
HPRegen  0.25/turn              q - ring of resist corrosion
MPRegen  0.11/turn              (no ring)

@: lethally poisoned (-2 -> -11), slowed, very slow
A: horns 2, retaliatory headbutt
a: Renounce Religion, Heroism


You were on level 8 of the Dungeon.
You worshipped Okawaru.
Okawaru was pleased with you.
You visited 2 branches of the dungeon, and saw 9 of its levels.

You collected 401 gold pieces.

Inventory:

Hand Weapons
 a - a +0 war axe
 o - a +3 war axe of flaming (weapon)
Armour
 c - a +0 kite shield (worn)
 e - a +0 cloak (worn)
 k - a +0 pair of boots (worn)
 m - a +0 plate armour (worn)
Jewellery
 h - a ring of fire
 q - a ring of resist corrosion (left hand)
 x - an amulet of regeneration
Wands
 n - a wand of iceblast (13)
 s - a wand of flame (18)
Scrolls
 b - 2 scrolls of amnesia
 f - a scroll of noise {unknown}
 g - a scroll of enchant weapon {unknown}
 i - 2 scrolls of teleportation {unknown}
 l - a scroll of blinking {unknown}
 t - a scroll of vulnerability {unknown}
 v - a scroll of fear {unknown}
 y - a scroll of magic mapping {unknown}
Potions
 d - 2 potions of might
 j - 3 potions of haste
 p - a potion of brilliance
 r - a potion of attraction {unknown}
 u - 2 potions of curing
 w - a potion of lignification


   Skills:
 * Level 8.6 Fighting
 + Level 11.0 Axes
 * Level 10.4 Armour
 - Level 1.4 Dodging
 + Level 7.5 Shields


You had 9 spell levels left.
You didn't know any spells.
Your spell library contained the following spells:

 Spells                   Type           Power      Damage    Failure   Level
 Sandblast                Erth           0%         2d4       100%        1
 Summon Small Mammal      Summ           0%         N/A       100%        1
 Blink                    Tloc           N/A        N/A       100%        2
 Passwall                 Tmut/Erth      0%         N/A       100%        2
 Slow                     Hex            0%         N/A       100%        2
 Call Canine Familiar     Summ           0%         N/A       100%        3
 Confusing Touch          Hex            0%         N/A       100%        3
 Stone Arrow              Conj/Erth      0%         3d7       100%        3
 Summon Guardian Golem    Hex/Summ       0%         N/A       100%        3
 Vampiric Draining        Necr           0%         2d6       100%        3
 Animate Armour           Summ/Erth      0%         N/A       100%        4
 Lee's Rapid Deconstruct  Erth           0%         3d5*      100%        5
 Manifold Assault         Tloc           0%         N/A       100%        5
 Storm Form               Tmut/Air       0%         N/A       100%        7
 Lehudib's Crystal Spear  Conj/Erth      0%         10d2      100%        8


Dungeon Overview and Level Annotations

Branches:
Dungeon (8/15)             Temple (1/1) D:5
   Lair: D:8-11

Altars:
Ashenzari
Cheibriados
Dithmenos
Elyvilon
Fedhas
Gozag
Hepliaklqana
Kikubaaqudgha
Nemelex Xobeh
Okawaru
Qazlal
Ru
Sif Muna
Trog
Vehumet
Wu Jian
Xom
Yredelemnul
Zin
The Shining One
Lugonu

Shops:
D:4 (

Portals:
Abyss: D:3


Innate Abilities, Weirdness & Mutations

You have a pair of horns on your head.
You reflexively headbutt those who attack you in melee.


Message History

You feel yourself slow down. You block the killer bee's attack.
The hornet stings you!
You are more poisoned.
You feel as though you will be slow longer.
The killer bee completely misses you. You furiously retaliate!
You headbutt the killer bee. The hornet stings you.
You are more poisoned.
You suddenly lose the ability to move!
Your Axes skill increases to level 11!
You feel extremely sick. The killer bee stings you. The hornet stings you.
You feel as though you will be slow longer.
The killer bee stings you but does no damage.
You feel extremely sick. The killer bee stings you. The hornet stings you!
* * * LOW HITPOINT WARNING * * *
You shrug off the repeated paralysis!
The killer bee stings you.
* * * LOW HITPOINT WARNING * * *
The hornet stings you.
* * * LOW HITPOINT WARNING * * *
You are more poisoned.
You feel as though you will be slow longer.
You can move again.
Okay, then.
* * * LOW HITPOINT WARNING * * *
You feel extremely sick. The killer bee closely misses you.
You furiously retaliate!
You headbutt the killer bee.
You kill the killer bee!
Okawaru accepts your kill.
The hornet stings you but does no damage.
There is a stone staircase leading up here.
You feel better. The hornet stings you!
* * * LOW HITPOINT WARNING * * *
You are lethally poisoned!
You feel as though you will be slow longer.
You block the hornet's attack.
You closely miss the hornet.
The hornet is moderately wounded.
You die...

.....#
#....#
#....#
#....#
#?...###
#......#
#..†...#
#@y†...#
###....#
....#
....#
.$..#
#.....
####.#
.#


You could see a hornet.

Vanquished Creatures
  Maggie (D:6)
  A kobold demonologist (D:5)
  Grinder (D:5)
  3 yaks (D:5)
  Eustachio (D:6)
  A steam dragon (D:7)
  A hornet zombie (D:5)
  A sky beast (D:7)
  A black bear (D:6)
  3 necrophages
  4 centaurs
  4 ogres
  3 phantoms
  Blork the orc (D:6)
  3 scorpions
  3 water moccasin zombies (D:5)
  3 wyvern skeletons
  A water moccasin skeleton (D:5)
  5 killer bees (D:8)
  A centaur zombie (D:5)
  2 jellies (D:5)
  5 hounds
  A bullfrog skeleton (D:7)
  4 orc priests
  A gnoll shaman (D:6)
  Crazy Yiuf (D:6)
  A centaur skeleton (D:4)
  3 iguanas
  4 orc wizards
  A scorpion zombie (D:5)
  9 gnolls
  9 adders
  2 worms (D:3)
  3 dart slugs
  17 orcs
  2 ball pythons (D:1)
  9 endoplasms
  3 giant cockroaches
  4 goblins
  3 hobgoblins
  12 jackals
  4 quokkas
  7 bats
  5 frilled lizards
  10 kobolds
  2 rats (D:2)
166 creatures vanquished.

Vanquished Creatures (others)
  42 plants (D:3)
42 creatures vanquished.

Grand Total: 208 creatures vanquished

Notes
Turn   | Place    | Note
-------+----------+-------------------------------------------
     0 | D:1      | SunEater the Minotaur Fighter began the quest for the Orb.
     0 | D:1      | Reached XP level 1. HP: 19/19 MP: 0/0
   115 | D:1      | Reached XP level 2. HP: 25/27 MP: 1/1
   632 | D:1      | Found a faded altar of an unknown god.
   890 | D:2      | Reached XP level 3. HP: 29/33 MP: 2/2
   982 | D:2      | Reached skill level 3 in Axes
  1011 | D:2      | Reached skill level 1 in Dodging
  1236 | D:2      | Reached XP level 4. HP: 38/40 MP: 3/3
  1453 | D:3      | Found a large runed translucent door.
  1453 | D:3      | Found a large runed translucent door.
  1458 | D:3      | Found a corrupted altar of Lugonu.
  1490 | D:3      | Found a one-way gate to the infinite horrors of the Abyss.
  1648 | D:3      | Reached skill level 4 in Axes
  1901 | D:3      | Found a hazy altar of Hepliaklqana.
  1925 | D:3      | Reached XP level 5. HP: 45/46 MP: 4/4
  1968 | D:3      | Reached skill level 5 in Armour
  2336 | D:4      | Reached skill level 5 in Axes
  2508 | D:4      | Found Miom's Weapon Boutique.
  2886 | D:4      | Noticed an ogre
  2890 | D:4      | Killed an ogre
  2891 | D:4      | Reached XP level 6. HP: 36/53 MP: 5/5
  3009 | D:4      | HP: 2/55 [phantom (4)]
  3015 | D:4      | Reached skill level 6 in Axes
  3015 | D:4      | Reached skill level 5 in Shields
  3368 | D:4      | Reached XP level 7. HP: 57/60 MP: 6/6
  3505 | D:4      | Reached skill level 7 in Axes
  3646 | D:5      | Entered Level 5 of the Dungeon
  3749 | D:5      | Reached skill level 5 in Fighting
  3968 | D:5      | Noticed a yak
  3971 | D:5      | Noticed a yak
  3973 | D:5      | Noticed a yak
  3977 | D:5      | Killed a yak
  3978 | D:5      | Reached skill level 8 in Axes
  3978 | D:5      | Reached XP level 8. HP: 52/69 MP: 7/7
  4020 | D:5      | HP: 2/70 [yak (8)]
  4434 | D:5      | Reached skill level 9 in Axes
  4447 | D:5      | Noticed a kobold demonologist
  4450 | D:5      | Noticed a soul eater
  4474 | D:5      | Killed a kobold demonologist
  4475 | D:5      | Reached XP level 9. HP: 47/78 MP: 8/8
  4650 | D:5      | Noticed Grinder
  4652 | D:5      | Paralysed by Grinder for 3 turns
  4657 | D:5      | Paralysed by Grinder for 2 turns
  4680 | D:5      | Paralysed by Grinder for 4 turns
  5312 | D:5      | Killed Grinder
  5520 | D:5      | Found a staircase to the Ecumenical Temple.
  5562 | Temple   | Entered the Ecumenical Temple
  5830 | Temple   | Became a worshipper of Warmaster Okawaru
  6072 | D:5      | Reached skill level 10 in Axes
  6547 | D:6      | Noticed Blork the orc
  6552 | D:6      | Killed Blork the orc
  6593 | D:6      | Found a blossoming altar of Fedhas.
  6850 | D:6      | Found a runed translucent door.
  6851 | D:6      | Noticed Crazy Yiuf
  6860 | D:6      | Killed Crazy Yiuf
  7006 | D:6      | Noticed Maggie
  7020 | D:6      | Killed Maggie
  7020 | D:6      | Reached * piety under Okawaru
  7021 | D:6      | Reached skill level 10 in Armour
  7081 | D:6      | Noticed Eustachio
  7093 | D:6      | Killed Eustachio
  7284 | D:7      | Reached XP level 10. HP: 57/89 MP: 9/9
  7551 | D:7      | Reached ** piety under Okawaru
  7923 | D:8      | Paralysed by a hornet for 3 turns
  7924 | D:8      | Reached skill level 11 in Axes
  7927 | D:8      | HP: 1/90 [hornet (13)]
  7928 | D:8      | Succumbed to a hornet's poison

Illustrated notes

Levels and vault maps discovered:
D:1:      amcnicky_arrival_double_pillar, layout_loops_ring,
          basic_ecumenical_altar
D:2:      layout_rooms, kennysheep_generic_room_11
D:3:      due_chaos_kobolds, layout_rooms, general_overflow_altar, st_stairs_8,
          serial_bayou_lagoon_a
D:4:      layout_loops_ring, serial_shops, kennysheep_little_box
D:5:      cheibrodos_barr_body, layout_loops_ring,
          minmay_temple_entry_statues_pillars, uniq_grinder
D:6:      layout_loops_ring, nicolae_overflow_crystal_walls, uniq_eustachio,
          uniq_maggie, uniq_crazy_yiuf_cottage, uniq_blork_the_orc
D:7:      layout_cave_pools
D:8:      layout_basic, amcnicky_altar_gilded, bloody_makhleb,
          david_lair_generic, hangedman_abyss_or_decor_passed,
          minmay_manual_mandibuliform
Temple:   dpeg_five_rooms_temple

Skill      XL: |  1  2  3  4  5  6  7  8  9 10 |
---------------+-------------------------------+-----
Armour         | 4 5 6 8 10 | 10.4
Fighting       | 4 5 6 8 |  8.6
Shields        | 4 5 6 7 |  7.5
Axes           | 3 4 5 6 8 9 10 11 | 11.0
Dodging        | 1 |  1.4

Action                   |  1- 3 |  4- 6 |  7- 9 | 10-12 || total
-------------------------+-------+-------+-------+-------++-------
Melee: War axe           |    75 |   128 |   293 |    22 ||   518
       Headbutt          |     8 |    21 |    63 |     3 ||    95
  Use: Scroll            |       |     1 |     4 |     1 ||     6
       Potion            |       |       |       |     1 ||     1
Armor: Scale mail        |    36 |    17 |       |       ||    53
       Plate armour      |       |    60 |   159 |    25 ||   244
Dodge: Dodged            |    24 |    23 |    70 |    11 ||   128
Block: Kite shield       |    39 |    76 |   153 |    30 ||   298
